 Dungeon Crawl Stone Soup version 0.26.0-16-gc1dbca0489 (webtiles) character file.

Game seed: 3635015245367165957

25 112233 the Sneak (level 3, -7/23 HPs)
             Began as an Octopode Enchanter on Jan 20, 2021.
             Mangled by a gnoll
             ... wielding a +0 halberd
              (10 damage)
             ... on level 1 of the Dungeon.
             The game lasted 00:01:17 (1334 turns).

112233 the Sneak (Octopode Enchanter)               Turns: 1334, Time: 00:01:17

Health: -7/23      AC:  1    Str:  8    XL:     3   Next: 6%
Magic:  6/6        EV: 13    Int: 17    God:
Gold:   53         SH:  0    Dex: 12    Spells: 3/6 levels left

rFire    . . .     SeeInvis .   c - +2 mace (holy)
rCold    . . .     Faith    .   (no shield)
rNeg     . . .     Spirit   .   (helmet restricted)
rPois    .         Reflect  .   (no amulet)
rElec    .         Harm     .   (no ring)
rCorr    .         Rampage  .   (no ring)
Will     .....                  (no ring)
Stlth    ++++......             (no ring)
HPRegen  0.07/turn              (no ring)
MPRegen  0.10/turn              (no ring)
                                (no ring)
                                (no ring)

@: no status effects
A: almost no armour, stealthy swim, amphibious, 8 rings, constrict 8, camouflage
1, gelatinous body 1
a: no special abilities


You were on level 1 of the Dungeon.
You visited 1 branch of the dungeon, and saw 2 of its levels.

You collected 53 gold pieces.

Inventory:

Hand Weapons
 a - a +1 dagger
 c - a +2 mace of holy wrath (weapon)
Missiles
 d - 5 poisoned darts
Scrolls
 f - a scroll of blinking {unknown}
Potions
 b - 2 potions of mutation {unknown}
 e - a potion of curing {unknown}


   Skills:
 + Level 1.0 Fighting
 - Level 1.0 Short Blades
 + Level 2.3 Dodging
 * Level 4.9 Stealth
 - Level 2.0 Spellcasting
 - Level 3.0 Hexes


You had 3 spell levels left.
You knew the following spells:

 Your Spells              Type           Power        Failure   Level
a - Corona                Hex            13%          5%          1
b - Ensorcelled Hibernat  Hex/Ice        12%          16%         2

Your spell library contained the following spells:

 Spells                   Type           Power        Failure   Level
 Confusing Touch          Hex            12%          17%         3
 Tukima's Dance           Hex            12%          17%         3
 Dazzling Flash           Conj/Hex       12%          30%         3


Dungeon Overview and Level Annotations

Branches:
Dungeon (2/15)

Altars:
Uskayaw

Annotations:
D:2 Robin


Innate Abilities, Weirdness & Mutations

You cannot wear most types of armour.
You are very stealthy in the water. (Stealth+)
You are amphibious.
You can wear up to eight rings at the same time.
You can use your tentacles to constrict eight enemies at once.
Your skin changes colour to match your surroundings (Stealth+).
Your rubbery body absorbs attacks. (AC +1, EV +1)


Message History

Your grab misses the hobgoblin. The hobgoblin misses you.
There are monsters nearby!
You hit the hobgoblin. You grab the hobgoblin. You constrict the hobgoblin.
The hobgoblin barely misses you.
There are monsters nearby!
You hit the hobgoblin.
You kill the hobgoblin!
The gnoll barely misses you. The kobold misses you.
There are monsters nearby!
You closely miss the kobold. Your grab misses the kobold. The kobold hits you.
The gnoll barely misses you. The kobold closely misses you.
You hit the kobold but do no damage. Your grab misses the kobold.
Your squeeze misses the kobold. The gnoll misses you. The kobold hits you.
You hit the kobold. Your grab misses the kobold.
The gnoll hits you from afar with a +0 halberd!
Ouch! That really hurt!
* * * LOW HITPOINT WARNING * * *
The kobold closely misses you.
The gnoll hits you from afar with a +0 halberd!
You die...

### #####.. ....... ##
#.####. .# # ##..
#.#.# ##... ##....#
.#....
#####.....##......
#@Kg..)........... #
#.###.###.....##......
.
#.....####............
.#
#........##.....#....#
.###.#######.#
#######.... #...# #.#
#####.. ######...# #.#
#.##### #........#
####.#######.#>###
#†#####..#
#..........#.....#


You could see a gnoll and a kobold.

Vanquished Creatures
  An ooze (D:1)
  A worm (D:2)
  4 bats (D:1)
  A giant cockroach (D:1)
  5 hobgoblins (D:1)
  A ball python (D:1)
  A frilled lizard (D:1)
  A kobold (D:1)
  3 rats (D:1)
18 creatures vanquished.

Notes
Turn   | Place    | Note
-------+----------+-------------------------------------------
     0 | D:1      | 112233 the Octopode Enchanter began the quest for the Orb.
     0 | D:1      | Reached XP level 1. HP: 11/11 MP: 3/3
   141 | D:1      | Reached XP level 2. HP: 18/18 MP: 5/5
   158 | D:1      | Learned a level 2 spell: Ensorcelled Hibernation
   648 | D:2      | Found a hide-covered altar of Uskayaw.
   657 | D:2      | Noticed Robin
  1172 | D:1      | Reached skill level 1 in Fighting
  1172 | D:1      | Reached XP level 3. HP: 23/23 MP: 6/6
  1334 | D:1      | Mangled by a gnoll

Illustrated notes

Levels and vault maps discovered:
D:1:      dpeg_arrival_long_road, layout_loops_ring
D:2:      layout_basic, doesnt_xom_only_xom, overflow_temple_1_default,
          kiku_gazebo_garden_becter, lemuel_doored_altar,
          lemuel_coloured_pillars_altar, overflow_temple_1_default,
          kennysheep_cross_room, uniq_robin, uniq_jessica

Skill      XL: |  1  2 |
---------------+-------+-----
Fighting       | 1 |  1.0
Short Blades   | |  1.0
Dodging        | |  2.3
Stealth        | |  4.9
Spellcasting   | |  2.0
Hexes          | |  3.0

Action                   || total
-------------------------++-------
Melee: Dagger            ||    12
       Tentacles         ||     5
       Mace              ||    30
       Constrict         ||     8
 Cast: Ensorcelled Hiber ||     1
 Stab: Sleeping          ||     8
Armor: Skin              ||     4
Dodge: Dodged            ||    35
